 Dungeon Crawl Stone Soup version 0.30-a0-937-ga0a21ad780 (webtiles) character file.

Game seed: 8043749888684537109

27191 12sPaWn12 the Basher (level 13, -4/80 HPs)
             Began as a Gargoyle Fighter on Mar 24, 2023.
             Was the Champion of Zin.
             Slain by a death yak simulacrum (12 damage)
             ... in an ice cave.
             The game lasted 00:53:25 (20776 turns).

12sPaWn12 the Basher (Gargoyle Fighter)            Turns: 20776, Time: 00:53:25

Health: -4/80      AC: 35    Str: 23    XL:     13   Next: 30%
Magic:  17/17      EV:  8    Int: 11    God:    Zin [******]
Gold:   882        SH: 11    Dex:  9    Spells: 12/12 levels left

rFire   + . .      SeeInvis .    v - +2 whip (venom)
rCold   + . .      Faith    .    c - +0 buckler
rNeg    + . .      Spirit   .    I - +4 plate armour
rPois   ∞          Reflect  +    l - +0 helmet
rElec   +          Rampage  .    w - scarf {+Inv}
rCorr   +                        M - +0 pair of gloves
Will    .....                    (no boots) Stlth
                                 j - amulet of reflection
HPRegen 0.33/turn                m - +4 ring of protection
MPRegen 0.15/turn                (no ring)

@: resistant
A: sickness immunity, AC +9, negative energy resistance 1, electricity
resistance, torment resistance 1, petrification resistance
a: Renounce Religion, Evoke Invisibility, Recite, Vitalisation, Imprison,
Sanctuary, Donate Gold


You were in an ice cave.
You worshipped Zin.
Zin was exalted by your worship.
You visited 3 branches of the dungeon, and saw 18 of its levels.
You also visited: Sewer, Ossuary and Ice Cave.

You collected 979 gold pieces.
You donated 97 gold pieces to Zin.

Inventory:

Hand Weapons
 v - a +2 whip of venom (weapon)
 F - a +0 whip of electrocution
Armour
 c - a +0 buckler (worn)
 l - a +0 helmet (worn)
 w - a scarf of invisibility (worn)
 G - the +2 pair of boots of Context {Rampage *Slow rC+}
   (You found it on level 3 of the Lair of Beasts)

   rC:        It protects you from cold.
   *Slow:     It may slow you when you take damage.
   Rampage:   It bestows one free step when moving towards enemies.
 I - a +4 plate armour (worn)
 K - a +0 pair of boots
 M - a +0 pair of gloves (worn)
Jewellery
 d - a ring of wizardry
 j - an amulet of reflection (around neck)
 m - a +4 ring of protection (left hand)
 p - an amulet of guardian spirit
 B - a ring of wizardry
Wands
 e - a wand of acid (16)
 f - a wand of flame (28)
 r - a wand of paralysis (17)
 t - a wand of mindburst (16)
 u - a wand of digging (20)
 J - a wand of iceblast (5)
Scrolls
 a - a scroll of enchant weapon
 b - a scroll of enchant armour
 h - 5 scrolls of amnesia
 i - a scroll of summoning
 o - 4 scrolls of poison
 q - 3 scrolls of noise
 y - 3 scrolls of vulnerability
 C - 3 scrolls of magic mapping
 D - 9 scrolls of identify
 H - 4 scrolls of silence
 O - a scroll of teleportation
Potions
 g - 6 potions of flight
 k - a potion of invisibility
 n - a potion of mutation
 s - 4 potions of degeneration
 x - a potion of attraction
 z - 2 potions of magic
 A - 3 potions of brilliance
 N - 2 potions of cancellation {unknown}
 P - a potion of curing
Miscellaneous
 L - a phial of floods


   Skills:
 * Level 9.5 Fighting
 * Level 12.1 Maces & Flails
 * Level 10.9 Armour
 * Level 7.0 Dodging
 * Level 9.4 Shields
 * Level 6.6 Invocations
 * Level 5.3 Evocations


You had 12 spell levels left.
You didn't know any spells.
Your spell library contained the following spells:

 Spells                   Type           Power      Damage    Failure   Level
 Dazzling Flash           Conj/Hex       0%         N/A       100%        3
 Ignite Poison            Fire/Tmut/Pois 0%         N/A       100%        3
 Kindle Blastsparks       Fire/Tloc/Air  0%         2d10      100%        3
 Ozocubu's Armour         Ice            0%         N/A       100%        3
 Stone Arrow              Conj/Erth      0%         3d7       100%        3
 Summon Guardian Golem    Hex/Summ       0%         N/A       100%        3
 Animate Armour           Summ/Erth      0%         N/A       100%        4
 Iskenderun's Mystic Bla  Conj/Tloc      0%         2d3       100%        4
 Manifold Assault         Tloc           0%         N/A       100%        4
 Olgreb's Toxic Radiance  Pois           0%         N/A       100%        4
 Agony                    Necr           0%         N/A       100%        5
 Freezing Cloud           Conj/Ice/Air   0%         6-21      100%        5
 Metabolic Englaciation   Hex/Ice        0%         N/A       100%        5
 Silence                  Hex/Air        0%         N/A       100%        5
 Dispersal                Tloc           0%         N/A       100%        6
 Simulacrum               Ice/Necr       0%         N/A       100%        6
 Starburst                Conj/Fire      0%         6d3       100%        6
 Orb of Destruction       Conj           0%         9d5       100%        7
 Ozocubu's Refrigeration  Ice            0%         4d7       100%        7
 Spellforged Servitor     Conj/Summ      0%         N/A       100%        7
 Disjunction              Tloc           0%         N/A       100%        8
 Ignition                 Fire           0%         3d3       100%        8
 Lehudib's Crystal Spear  Conj/Erth      0%         10d2      100%        8


Dungeon Overview and Level Annotations

Branches:
Dungeon (13/15)            Temple (1/1) D:4            Lair (4/5) D:8
 Shoals (0/4) Lair:3        Snake (0/4) Lair:2          Orc (0/2) D:12
  Sewer (visited)         Ossuary (visited)           IceCv (1/1)
  Slime: Lair:4-5    Vaults: D:13-14

Altars:
Ashenzari
Cheibriados
Dithmenos
Elyvilon
Fedhas
Gozag
Hepliaklqana
Kikubaaqudgha
Makhleb
Nemelex Xobeh
Qazlal
Ru
Sif Muna
Trog
Uskayaw
Vehumet
Wu Jian
Xom
Yredelemnul
Zin
The Shining One

Shops:
D:3 :   D:6 [((   D:8 =[


Innate Abilities, Weirdness & Mutations

You are immune to sickness and miasma.
Your stone body is resilient. (AC +9)
You are immune to poison.
You resist negative energy. (rN+)
You are resistant to electric shocks. (rElec)
You are resistant to unholy torment.
You are immune to petrification.


Message History

The rime drake bites you but does no damage.
You hit the rime drake.
The rime drake is poisoned.
The rime drake is severely wounded.
You barely miss the rime drake.
The rime drake is severely wounded.
The rime drake barely misses you.
You hit the rime drake.
The rime drake looks as sick as possible!
The rime drake is severely wounded.
The rime drake bites you but does no damage.
You closely miss the rime drake.
The rime drake is almost dead.
You whack the rime drake!
You kill the rime drake!
No target in view!
No target in view!
No target in view!
You see here a rime drake corpse.
There is a frozen archway here.
The world spins around you as you enter the gateway.
You enter an ice cave!
Found an ice covered gate leading back out of this place.
There is an ice choked empty arch of ancient stone here.
You start removing your armour.
You continue taking off your +0 pair of boots. x4
The death yak simulacrum closely misses you.
The death yak simulacrum gores you! The death yak simulacrum freezes you!!
You finish taking off your +0 pair of boots.
You feel protected.
You hit the death yak simulacrum.
The death yak simulacrum is lightly damaged.
You hit the death yak simulacrum.
The death yak simulacrum is moderately damaged.
The death yak simulacrum gores you! The death yak simulacrum freezes you!
You resist.
* * * LOW HITPOINT WARNING * * *
The death yak simulacrum gores you.
* * * LOW HITPOINT WARNING * * *
The death yak simulacrum freezes you! You resist.
You die...

#### ##..##
##
##....##..##
#..........#
#.∩.∩.......
#..ZZ...##..
##@ZZ.###
##..## ####


You could see 3 death yak simulacra and a polar bear simulacrum.

Vanquished Creatures
  A hydra (Lair:3)
  2 centaur warriors (D:10)
  A two-headed ogre (D:10)
  A deep elf pyromancer (D:12)
  3 ugly things
  3 cyclopes
  A manticore (D:10)
  3 elephants (Lair:2)
  3 black mambas
  5 cane toads
  3 rime drakes
  A gargoyle (D:12)
  3 komodo dragons
  An unseen horror (D:10)
  2 kobold demonologists
  5 trolls
  A hornet (D:10)
  2 polar bears
  A snapping turtle (Lair:3)
  9 wyverns
  3 shadows (D:10)
  16 yaks
  2 basilisks
  7 vampire mosquitoes
  3 steam dragons
  3 acid dragons
  6 water moccasins
  2 sky beasts
  3 black bears
  A meliai simulacrum (D:11)
  An ice beast (D:5)
  6 orc warriors
  An ogre (D:6)
  10 wolves
  6 centaurs
  2 phantoms
  9 bullfrogs
  5 kobold brigands (D:10)
  Blork the orc (D:5)
  A gnoll sergeant (D:10)
  A water moccasin zombie (Ossuary)
  4 scorpions
  A wight (D:10)
  10 killer bees
  5 howler monkeys
  A vampire bat (D:6)
  8 electric eels
  8 bullfrog zombies (Ossuary)
  5 centaur zombies (Ossuary)
  10 hounds
  A gnoll bouda (D:9)
  9 orc priests
  3 iguanas
  Ijyb (D:4)
  6 hell rats
  12 orc wizards
  2 sleepcaps (D:5)
  A killer bee zombie (Ossuary)
  16 mummies (Ossuary)
  2 howler monkey zombies (Ossuary)
  9 gnolls
  14 adders
  A river rat (D:3)
  A white imp (D:6)
  An ufetubus (D:4)
  A worm (D:3)
  4 dart slugs
  37 orcs
  11 ball pythons
  17 endoplasms
  15 giant cockroaches
  19 goblins
  7 hobgoblins
  17 jackals
  14 quokkas
  12 bats
  16 frilled lizards
  17 kobolds
  7 rats
465 creatures vanquished.

Vanquished Creatures (collateral kills)
  A ball python (D:3)
1 creature vanquished.

Vanquished Creatures (others)
  An orc wizard (D:3)
  2 briar patches (Lair:3)
  12 fungi
  53 plants
  6 withered plants (Ossuary)
74 creatures vanquished.

Grand Total: 540 creatures vanquished

Notes
Turn   | Place    | Note
-------+----------+-------------------------------------------
     0 | D:1      | 12sPaWn12 the Gargoyle Fighter began the quest for the Orb.
     0 | D:1      | Reached XP level 1. HP: 14/14 MP: 1/1
    26 | D:1      | Reached XP level 2. HP: 2/19 MP: 2/2
   365 | D:1      | Reached XP level 3. HP: 22/23 MP: 3/3
  1209 | D:2      | Reached skill level 3 in Maces & Flails
  1254 | D:2      | Reached XP level 4. HP: 29/29 MP: 4/4
  1529 | D:3      | Found a hide-covered altar of Uskayaw.
  1555 | D:3      | Found Tiulot's Book Shoppe.
  1689 | D:3      | Found a glowing drain.
  1714 | Sewer    | Entered a sewer
  1831 | Sewer    | Reached skill level 1 in Dodging
  1976 | Sewer    | Reached XP level 5. HP: 31/33 MP: 5/5
  2441 | Sewer    | Reached skill level 4 in Maces & Flails
  2441 | Sewer    | Reached XP level 6. HP: 22/38 MP: 6/6
  3167 | D:3      | Found a sparkling altar of Nemelex Xobeh.
  3503 | D:3      | Reached XP level 7. HP: 44/44 MP: 7/7
  3684 | D:4      | Noticed Ijyb
  3749 | D:4      | Paralysed by Ijyb for 4 turns
  3763 | D:4      | Killed Ijyb
  3764 | D:4      | Reached skill level 5 in Maces & Flails
  4004 | D:4      | HP: 1/44 [orc priest/divine providence (12)]
  4239 | D:4      | Found an ornate altar of the Wu Jian Council.
  4239 | D:4      | Found a shimmering blue altar of Sif Muna.
  4283 | D:4      | Noticed a steam dragon
  4293 | D:4      | Killed a steam dragon
  4294 | D:4      | Reached skill level 5 in Armour
  4510 | D:4      | Found a large runed translucent door.
  4512 | D:4      | Found a large runed translucent door.
  4555 | D:4      | Reached skill level 6 in Maces & Flails
  4555 | D:4      | Reached XP level 8. HP: 21/48 MP: 8/8
  4789 | D:4      | Found a staircase to the Ecumenical Temple.
  4798 | Temple   | Entered the Ecumenical Temple
  4953 | Temple   | Became a worshipper of Zin the Law-Giver
  4953 | Temple   | Reached * piety under Zin
  5030 | D:4      | Found a basalt altar of Yredelemnul.
  5038 | D:4      | Found a burning altar of Makhleb.
  5085 | D:5      | Entered Level 5 of the Dungeon
  5148 | D:4      | Reached skill level 5 in Fighting
  5252 | D:5      | Reached skill level 5 in Shields
  5383 | D:5      | Reached ** piety under Zin
  5396 | D:5      | Noticed Blork the orc
  5407 | D:5      | Killed Blork the orc
  5412 | D:5      | Found a sand-covered staircase.
  5417 | Ossuary  | Entered an ossuary
  5481 | Ossuary  | Reached skill level 7 in Maces & Flails
  5517 | Ossuary  | Reached skill level 1 in Invocations
  5612 | Ossuary  | Reached XP level 9. HP: 30/54 MP: 9/9
  5714 | Ossuary  | Reached skill level 1 in Evocations
  5897 | Ossuary  | Reached *** piety under Zin
  5929 | Ossuary  | Reached skill level 8 in Maces & Flails
  6149 | D:6      | Found Wust's Magic Scroll Shop.
  6514 | D:6      | Found Konwecagh's Antique Weapon Emporium.
  6769 | D:6      | Reached **** piety under Zin
  7108 | D:6      | Found Ufriapn's Armour Emporium.
  7120 | D:6      | Found Hawuteyc's Weapon Emporium.
  7628 | D:7      | Reached skill level 9 in Maces & Flails
  7706 | D:7      | Reached XP level 10. HP: 59/61 MP: 12/12
  8479 | D:8      | Found Gygheesu's Armour Shoppe.
  8510 | D:8      | Found a staircase to the Lair.
  8664 | D:8      | Reached skill level 5 in Dodging
  8794 | D:8      | Found Zupsiso's Jewellery Boutique.
  8796 | D:8      | Found Ybiwk's Antique Armour Emporium.
  9406 | D:8      | Reached ***** piety under Zin
  9600 | D:8      | Found a shadowy altar of Dithmenos.
 10332 | D:9      | Found an opulent altar of Gozag.
 11062 | D:10     | Entered Level 10 of the Dungeon
 11088 | D:10     | Noticed a kobold demonologist
 11294 | Lair:1   | Entered Level 1 of the Lair of Beasts
 11295 | Lair:1   | Noticed a cane toad
 11295 | Lair:1   | Noticed a black mamba
 11490 | D:8      | Killed a black mamba
 11558 | D:8      | Reached XP level 11. HP: 67/67 MP: 14/14
 11772 | Lair:1   | Reached skill level 10 in Maces & Flails
 13238 | Lair:2   | Identified the +6 plate armour of Xetredgh {Slay+3}
 13280 | Lair:2   | Found a staircase to the Snake Pit.
 14009 | Lair:2   | Reached skill level 5 in Invocations
 14846 | Lair:3   | Found a staircase to the Shoals.
 15032 | Lair:3   | Noticed a four-headed hydra
 15118 | Lair:3   | Reached XP level 12. HP: 17/73 MP: 15/15
 15544 | Lair:3   | Found a transporter.
 15568 | Lair:3   | Killed a four-headed hydra
 15590 | Lair:3   | Found a transporter.
 15628 | Lair:3   | Identified the +2 pair of boots of Context {Rampage *Slow
                  | rC+}
 15789 | Lair:3   | Reached skill level 11 in Maces & Flails
 16530 | Lair:4   | Noticed a five-headed hydra
 16530 | Lair:4   | Noticed a death yak
 16530 | Lair:4   | Noticed a death yak
 16533 | Lair:4   | Noticed a death yak
 16535 | Lair:4   | Noticed a death yak
 16536 | Lair:4   | Noticed a death yak
 16538 | Lair:4   | Noticed a death yak
 17241 | D:10     | Reached skill level 10 in Armour
 17482 | D:10     | Noticed a two-headed ogre
 17527 | D:10     | Killed a two-headed ogre
 18322 | D:10     | Noticed a centaur warrior
 18338 | D:10     | Killed a centaur warrior
 18655 | D:10     | Noticed a centaur warrior
 18678 | D:10     | Killed a centaur warrior
 18679 | D:10     | Reached skill level 5 in Evocations
 18873 | D:10     | Reached XP level 13. HP: 80/80 MP: 17/17
 19224 | D:11     | Identified the +0 cloak of Filigreed Happiness {*Slow rC+
                  | Int+3}
 19357 | D:11     | Reached ****** piety under Zin
 20095 | D:12     | Found a staircase to the Orcish Mines.
 20220 | D:12     | Reached skill level 12 in Maces & Flails
 20573 | D:12     | Upgraded the game from 0.30-a0-930-gb9d0489357 to
                  | 0.30-a0-937-ga0a21ad780
 20747 | D:13     | Found a frozen archway.
 20766 | IceCv    | Entered an ice cave
 20776 | IceCv    | Slain by a death yak simulacrum

Illustrated notes

Levels and vault maps discovered:
D:1:      denvon_arrival_planthouse, layout_loops_ring, patterned_corridor
D:2:      layout_basic
D:3:      layout_loops_ring, mainiacjoe_overflow_six_doors_small,
          nemelex_dance_club_becter, cheibrodos_sewer_entry_sluice,
          serial_shops, shop
D:4:      kennysheep_the_goblin_king, layout_loops_ring, jmf_multi_god_temple2,
          amethyst_overflow_temple_binary, minmay_temple_entry_poolview
D:5:      layout_gridville, enter_ossuary_5, uniq_blork_the_orc
D:6:      layout_loops_corners, serial_shops, shop, kennysheep_little_box,
          nicolae_inconvenience_store, nicolae_shop_bloodbath_and_beyond,
          chequers_serial_rivers_small_3, roderic_batcave
D:7:      layout_cave_pools, kennysheep_boxes
D:8:      layout_gridville, grunt_dithmenos_shadows, erik_lair_island,
          nicolae_wooded_promenade
D:9:      layout_irregular_city, overflow_temple_1_default,
          ebering_dispersal_statue_hall
D:10:     minmay_quarter_circles, layout_rooms, nicolae_overflow_hidden_temple
D:11:     minmay_evil_eye, layout_cave_pods
D:12:     layout_roguey, orc_0_dummy
D:13:     layout_stronghold, portal_ice_cave_rime
Temple:   hellmonk_temple_forest_ring
Lair:1:   layout_cellular_growth, lemuel_fruit_tree, grunt_megastairs_5
Lair:2:   layout_chaotic_city, dummy_snake_entry, grunt_megastairs_4
Lair:3:   gammafunk_worm_tunnel, layout_loops_ring, minmay_shoals_entry_hut,
          serial_forest, infiniplex_forest_lined_2, infiniplex_forest_end_1,
          infiniplex_forest_corner_2, infiniplex_forest_straight_1,
          infiniplex_forest_clump_C, infiniplex_forest_lined_corner
Lair:4:   layout_cave_pods, infiniplex_staircase_pool
IceCv:    ice_cave_small_necro

Skill      XL: |  1  2  3  4  5  6  7  8  9 10 11 12 13 |
---------------+----------------------------------------+-----
Maces & Flails | 3 4 6 7 9 10 11 12 | 12.1
Armour         | 4 5 6 7 9 10 | 10.9
Dodging        | 1 2 3 4 5 6 7 |  7.0
Fighting       | 4 5 6 7 8 9 |  9.5
Shields        | 4 5 6 7 9 |  9.4
Invocations    | 1 2 4 5 6 |  6.6
Evocations     | 2 3 4 5 |  5.3

Action                     |  1- 3 |  4- 6 |  7- 9 | 10-12 | 13-15 || total
---------------------------+-------+-------+-------+-------+-------++-------
  Melee: Flail             |   154 |   334 |   572 |       |       ||  1060
         Whip              |       |       |    30 |  1659 |   253 ||  1942
  Throw: Throwing net      |       |       |       |     2 |       ||     2
 Invoke: Vitalisation      |       |       |       |     2 |       ||     2
         Recite            |       |       |       |       |     1 ||     1
  Evoke: Wand              |       |       |       |     3 |       ||     3
    Use: Scroll            |       |     8 |    12 |    19 |     1 ||    40
         Potion            |       |     3 |     7 |    21 |     1 ||    32
   Stab: Sleeping          |       |       |     1 |       |       ||     1
         Invisible         |       |       |       |     4 |     2 ||     6
 Armour: Scale mail        |   120 |   237 |    55 |       |       ||   412
         Skin              |       |    33 |       |       |       ||    33
         Steam dragon scal |       |       |   268 |   104 |       ||   372
         Plate armour      |       |       |       |   711 |    78 ||   789
  Dodge: Dodged            |    88 |   219 |   381 |   499 |    36 ||  1223
  Block: Buckler           |    39 |    90 |   120 |   458 |    72 ||   779
         Reflection        |       |       |       |     7 |     6 ||    13

Table legend: (Time is in decaauts)
 A = Elapsed time spent in this place.
 B = Non-inter-level travel time spent in this place.
 C = Inter-level travel time spent in this place.
 D = Time resting spent in this place.
 E = Time spent auto-exploring this place.
 F = Levels seen in this place.
 G = Mean time per level.
                   A        B        C        D        E       F      G
               +--------+--------+--------+--------+--------+-----+--------+
         Total |  20300 |  18499 |   1801 |      0 |  13849 |  21 |  966.7 |
       Dungeon |  14058 |  12541 |   1517 |      0 |   9457 |  13 | 1081.4 |
        Temple |    163 |    140 |     23 |      0 |    129 |   1 |  163.0 |
          Lair |   4445 |   4184 |    261 |      0 |   3463 |   4 | 1111.2 |
         Sewer |   1034 |   1034 |      0 |      0 |    558 |   1 | 1034.0 |
       Ossuary |    588 |    588 |      0 |      0 |    240 |   1 |  588.0 |
      Ice Cave |      9 |      9 |      0 |      0 |      0 |   1 |    9.0 |
               +--------+--------+--------+--------+--------+-----+--------+

Top non-repeatable levels by time:
     D:8: 2162 daAuts
    D:10: 2017 daAuts
  Lair:3: 1738 daAuts
     D:9: 1700 daAuts
     D:4: 1469 daAuts
     D:6: 1311 daAuts
  Lair:2: 1262 daAuts
  Lair:1: 1128 daAuts
   Sewer: 1034 daAuts
     D:3: 1021 daAuts
     D:1: 988 daAuts
    D:11: 747 daAuts
     D:2: 738 daAuts
     D:7: 728 daAuts
    D:12: 616 daAuts
